 Dungeon Sprint DCSS version 0.28-a0-514-g0d7ab7f379 (webtiles) character file.

Game seed: 4670492268704033804

2500000 varam the Axe Maniac (level 18, -37/218 HPs)
             Began as a Naga Air Elementalist on Sept 22, 2021.
             Annihilated by a meat berserker (45 damage)
             ... in the Dungeon (Sprint VIII: "Arena of Blood").
             The game lasted 00:02:07 (25 turns).

varam the Axe Maniac (Naga Air Elementalist)          Turns: 25, Time: 00:02:08

Health: -37/218    AC:  8    Str: 17    XL:     18   Next: 40%
Magic:  8/36       EV: 21    Int: 15    God:
Gold:   0          SH:  0    Dex: 14    Spells: 45/46 levels left

rFire   . . .      SeeInvis +   b - +∞ Axe of Woe
rCold   . . .      Faith    .   (shield currently unavailable)
rNeg    . . .      Spirit   .   a - +0 robe
rPois   +          Reflect  .   (no helmet)
rElec   .          Harm     .   (no cloak)
rCorr   .          Rampage  .   (no gloves)
Will    ++...      NoTele   +   (no barding)
Stlth   ++++++++..              (no amulet)
HPRegen 0.46/turn               (no ring)
MPRegen 0.25/turn               (no ring)

@: on berserk cooldown, hasted and slowed, very slow
A: AC +6, large, see invisible, deformed body, poison resistance, slowness 2,
spit poison 1, naga tail 2
a: Spit Poison


You were in the Dungeon.
You visited 1 branch

Inventory:

Hand Weapons
 b - the +∞ Axe of Woe (weapon)
   (You found it in the Dungeon)
Armour
 a - a +0 robe (worn)
Scrolls
 z - a scroll of blinking
Potions
 e - 2 potions of magic
 q - a potion of curing
 w - a potion of heal wounds


   Skills:
 O Level 27 Fighting
 O Level 27 Axes
 + Level 19.5 Armour
 + Level 23.1 Dodging
 - Level 23.5 Stealth
 - Level 14.7 Spellcasting
 - Level 15.8 Conjurations
 - Level 16.1 Air Magic


You had 45 spell levels left.
You knew the following spells:

 Your Spells              Type           Power      Damage    Failure   Level
a - Shock                 Conj/Air       100%       1d9       0%          1

Your spell library contained the following spells:

 Spells                   Type           Power      Damage    Failure   Level
 Static Discharge         Conj/Air       56%        N/A       0%          2
 Swiftness                Air            56%        N/A       1%          3
 Airstrike                Air            28%        N/A       1%          4


Dungeon Overview and Level Annotations

Branches:
Dungeon (1/1)

Altars:
Makhleb


Innate Abilities, Weirdness & Mutations

Your serpentine skin is tough. (AC +6)
You have supernaturally acute eyesight. (SInv)
Armour fits poorly on your strangely shaped body.
Your system is resistant to poisons. (rPois)
You cover ground very slowly.
You can spit poison.
You can use your snake-like lower body to constrict enemies.


Message History

You kill the bag of meat!
You hear a shout!
The meat berserker rages.
You hear a shout! x5
The meat berserker moves out of view.
You hear a shout! x2
Your Armour skill gained 5 levels and is now at level 16!
Your Dodging skill gained 3 levels and is now at level 20!
You slice the bag of meat!!
You dissect the bag of meat like a pig carcass.
You kill the bag of meat!
You hear a shout! x6
Your Armour skill increases to level 17!
Your Dodging skill increases to level 21!
You have reached level 18!
Your experience leads to an increase in your attributes!
Increase (s)trength, (i)ntelligence, or (d)exterity?
You feel agile.
Your skin feels tougher.
You slice the bag of meat!!
You dissect the bag of meat like a pig carcass.
You kill the bag of meat!
You hear a shout! x8
Your Armour skill increases to level 18!
Your Dodging skill increases to level 22!
You slice the bag of meat!!
You pulverise the bag of meat into a thin bloody mist.
You kill the bag of meat!
The meat berserker rages.
You hear a shout! x7
Your Armour skill increases to level 19!
Your Dodging skill increases to level 23!
Memorise Swiftness, consuming 3 spell levels and leaving 42?
You hear a shout! x7
You start memorising the spell.
You continue memorising.
You hear a shout! x4
The meat berserker rages.
You hear a shout! x7
The meat berserker hits you with a +9 battleaxe!!!
Your memorisation is interrupted.
You die...

.. .... .. ...
#. O.# #.. ..# .
.###.. ..###..
......###.......
......._).......
#.)@).# #_)O)_#
#.o)..#
....._.....
......###......
.###.o ..###.
#o. ..# #.o ..#
.. ..


You could see a meat berserker (berserk) and 4 bags of meat.

Vanquished Creatures
  5 ogres (D)
  18 orcs (D)
23 creatures vanquished.

Notes
Turn   | Place    | Note
-------+----------+-------------------------------------------
     0 | D        | Found the +∞ Axe of Woe
     0 | D        | varam the Naga Air Elementalist began the quest for the
                  | Orb.
     0 | D        | Reached XP level 1. HP: 15/15 MP: 3/3
     2 | D        | Noticed a bag of meat
     2 | D        | Noticed a bag of meat
     2 | D        | Noticed a meat berserker
     3 | D        | Killed a bag of meat
     3 | D        | Noticed a bag of meat
     3 | D        | Noticed a bag of meat
     3 | D        | Noticed a bag of meat
     4 | D        | Reached skill level 10 in Dodging
     4 | D        | Reached XP level 2. HP: 22/22 MP: 3/14
     4 | D        | Reached XP level 3. HP: 28/28 MP: 3/15
     4 | D        | Reached XP level 4. HP: 36/36 MP: 3/17
     4 | D        | Reached XP level 5. HP: 42/42 MP: 3/18
     4 | D        | Reached XP level 6. HP: 49/49 MP: 3/20
     4 | D        | Reached XP level 7. HP: 55/55 MP: 3/21
     4 | D        | Reached XP level 8. HP: 62/62 MP: 3/23
     4 | D        | Reached XP level 9. HP: 68/68 MP: 3/24
     4 | D        | Reached XP level 10. HP: 75/75 MP: 3/25
     4 | D        | Reached XP level 11. HP: 81/81 MP: 3/26
     4 | D        | Noticed a bag of meat
     4 | D        | Noticed a bag of meat
     4 | D        | Noticed a bag of meat
     5 | D        | Killed a meat berserker
     5 | D        | Noticed a bag of meat
     6 | D        | Reached skill level 15 in Air Magic
     6 | D        | Reached XP level 12. HP: 88/88 MP: 3/29
     7 | D        | Killed a bag of meat
     8 | D        | Reached skill level 15 in Conjurations
     8 | D        | Gained mutation: You can use your snake-like lower body to
                  | constrict enemies. [Naga growth]
     8 | D        | Reached XP level 13. HP: 94/94 MP: 3/31
     8 | D        | Killed a bag of meat
     9 | D        | Killed a bag of meat
     9 | D        | Killed a bag of meat
     9 | D        | Noticed a meat berserker
     9 | D        | Noticed a bag of meat
    10 | D        | Reached XP level 14. HP: 144/144 MP: 4/32
    10 | D        | Noticed a meat berserker
    12 | D        | Reached XP level 15. HP: 162/162 MP: 4/33
    13 | D        | Noticed a meat berserker
    15 | D        | Killed a meat berserker
    15 | D        | Noticed a meat berserker
    16 | D        | Killed a meat berserker
    17 | D        | Reached XP level 16. HP: 131/194 MP: 6/34
    17 | D        | Killed a meat berserker
    18 | D        | Reached skill level 27 in Fighting
    18 | D        | Reached skill level 27 in Axes
    18 | D        | Reached XP level 17. HP: 141/208 MP: 6/35
    19 | D        | HP: 5/208 [bag of meat (22)]
    22 | D        | Reached XP level 18. HP: 6/218 MP: 7/36
    25 | D        | Annihilated by a meat berserker

Illustrated notes

Levels and vault maps discovered:
D:        meatsprint

Skill      XL: |  1  2  3  4  5  6  7  8  9 10 11 12 13 14 15 16 17 18 |
---------------+-------------------------------------------------------+-----
Dodging        | 10 12 13 16 21 23 | 23.1
Stealth        | 18 22 23 | 23.5
Spellcasting   | 11 13 14 | 14.7
Conjurations   | 11 14 15 | 15.8
Air Magic      | 12 15 16 | 16.1
Fighting       | 14 17 25 27 | 27.0
Axes           | 14 17 25 27 | 27.0
Armour         | 9 17 19 | 19.5

Action                   |  1- 3 |  4- 6 |  7- 9 | 10-12 | 13-15 | 16-18 || total
-------------------------+-------+-------+-------+-------+-------+-------++-------
Melee: Executioner's axe |     1 |       |       |     2 |     8 |     6 ||    17
  Use: Potion            |       |       |       |     1 |       |     1 ||     2
Dodge: Dodged            |       |       |       |       |     2 |       ||     2

Table legend: (Time is in decaauts)
 A = Elapsed time spent in this place.
 B = Non-inter-level travel time spent in this place.
 C = Inter-level travel time spent in this place.
 D = Time resting spent in this place.
 E = Time spent auto-exploring this place.
 F = Levels seen in this place.
 G = Mean time per level.
                   A        B        C        D        E       F      G
               +--------+--------+--------+--------+--------+-----+--------+
         Total |     25 |     25 |      0 |      0 |      0 |   1 |   25.0 |
       Dungeon |     25 |     25 |      0 |      0 |      0 |   1 |   25.0 |
               +--------+--------+--------+--------+--------+-----+--------+

Top non-repeatable levels by time:
       D: 25 daAuts
